[Event "NY Presidents Day GM-A 2024"]
[Site "New York"]
[Date "2024.02.18"]
[Round "6.3"]
[White "Eidelman, Gabriel"]
[Black "Rorrer, Grayson"]
[Result "1-0"]
[ECO "A07"]
[WhiteElo "2343"]
[BlackElo "2396"]
[Annotator "TA"]
[PlyCount "61"]
[EventDate "2024.02.14"]
[EventType "tourn"]
[EventCountry "USA"]
[SourceTitle "playchess.com"]
[Source "ChessBase"]
[SourceQuality "1"]
[TimeControl "5400+30"]

1. Nf3 Nf6 2. g3 d5 3. Bg2 c6 4. O-O Bg4 5. h3 Bh5 {[%emt 0:00:06] [#]} 6. c4 $1 e6 7. d4 Nbd7 8. cxd5 {[%emt 0:00:15] The position is equal.} exd5 9. Ne5 Ne4 10. Nd2 f5 11. Nxe4 dxe4 ({Black should play} 11... fxe4 $11 12. g4 Nxe5 13. gxh5 Nf7) 12. Qb3 {[%emt 0:07:36] Hoping for Qe6+.} Nxe5 13. dxe5 Qc8 {[%emt 0:01:47] [#]} ({Black should try} 13... Bxe2 $14 14. Re1 Bd3) 14. e6 $1 $16 Bxe2 (14... a5 $142) 15. Re1 Bd3 16. Bf4 Be7 17. Bf1 O-O (17... Bxf1 $16 {keeps fighting.} 18. Rxf1 Qd8) 18. Bxd3 $18 exd3 19. Rad1 c5 20. Qxd3 (20. Rxd3 $2 {is the wrong capture.} c4 21. Qd1 cxd3 $19) 20... Qc6 21. Qd7 Rfe8 22. Qxc6 bxc6 23. Be5 {[%emt 0:05:42] White is much more active.} Rad8 (23... Red8 $16) 24. Rd7 Bf8 (24... a5 $142 25. b3 g6) 25. Bc3 (25. Rxa7 Rxe6 26. Kf1 g5 $16) 25... Be7 26. Rxa7 Bf6 (26... Ra8 $142 27. Rb7 h5) 27. Bxf6 gxf6 28. Re2 {[%emt 0:03:01] Repels Rd2} Ra8 $2 (28... Rd6 29. e7 Kf7) 29. Rxa8 {[%emt 0:05:57] White is clearly winning.} Rxa8 30. e7 Re8 31. Kg2 {[%emt 0:01:13] Weighted Error Value: White=0.10 (very precise) /Black=0.32.  Mistake:       	---       	Black=8      Inaccurate:     	White=1     	---        OK:         	White=10    	Black=9      Best:        	White=4     	---        Strong:       	White=1     	---} 1-0

[Event "NY Presidents Day GM-A 2024"]
[Site "New York"]
[Date "2024.02.18"]
[Round "6.4"]
[White "Paragua, Mark"]
[Black "Yu, Jiangwei"]
[Result "1-0"]
[ECO "D41"]
[WhiteElo "2448"]
[BlackElo "2357"]
[Annotator "TA"]
[PlyCount "99"]
[EventDate "2024.02.14"]
[EventType "tourn"]
[EventCountry "USA"]
[SourceTitle "playchess.com"]
[Source "ChessBase"]
[SourceQuality "1"]
[TimeControl "5400+30"]

1. c4 c6 2. e4 d5 3. exd5 cxd5 4. cxd5 Nf6 5. Nc3 Nxd5 6. Nf3 Nc6 7. Bc4 e6 8. O-O Be7 9. d4 O-O 10. Re1 b6 11. a3 (11. Nxd5 $142 exd5 12. Bb5) 11... Nf6 (11... Nxc3 $142 12. bxc3 Bb7) 12. d5 $11 exd5 {[%emt 0:08:59] White has an edge.} 13. Nxd5 Nxd5 14. Qxd5 Bb7 15. Qh5 {[%emt 0:00:14] [#] Bg5 would now be deadly.} Na5 (15... Qd6 $14) 16. Ba2 {[%emt 0:06:10] White has more active pieces.} (16. Ng5 $16 Bxg5 17. Bxg5) 16... Bxf3 $1 $14 17. Qxf3 Bf6 18. Rb1 (18. Bf4 $16 {Rad1 is the strong threat.} Bxb2 19. Rad1) 18... Rc8 $11 19. Bf4 Bd4 (19... Re8 $11) 20. Rbd1 {[%emt 0:00:00] Hoping for Re4.} (20. Re4 {simplifies} Qf6 21. Qe2 h6 22. Bxh6 Bxf2+ 23. Qxf2 Qxf2+ 24. Kxf2 gxh6 25. Kg1) 20... Qf6 {[%emt 0:03:01] Black is weak on the light squares} 21. b4 Nc6 22. Qe4 {[%emt 0:00:00] Strongly threatening b5.} Rfd8 {[%emt 0:07:11] [#]} ({Black should try} 22... Rcd8 $14) 23. Rd3 (23. h4 $1 $16) 23... Qg6 $1 $14 24. b5 (24. Qxg6 $14 hxg6 25. b5) 24... Qxe4 $11 25. Rxe4 Bc5 (25... Bxf2+ $2 26. Kxf2 Rxd3 27. bxc6 $18) 26. Rxd8+ Rxd8 27. Kf1 (27. bxc6 $2 Rd1+) 27... Nd4 28. Bg5 Rf8 29. a4 Ne6 30. Be3 Bxe3 31. Rxe3 Rd8 32. Bxe6 fxe6 $14 {[%emt 0:00:05][%mdl 4096] Endgame. KR-KR} 33. Rc3 Rd7 {[%emt 0:00:30] Prevents Rc7.} 34. Ke2 Kf7 35. Ke3 Kf6 36. h4 h5 37. Rc8 Ke5 38. g3 Kf6 39. f3 g6 40. Ke4 Rb7 41. g4 hxg4 42. fxg4 {[%emt 0:00:05] aiming for g5+.} a6 $2 {[%emt 0:01:41][%mdl 8192] This move loses the game for Black.} 43. g5+ $18 Kg7 (43... Kf7 $142 44. Rh8 (44. bxa6 Ra7 $18) 44... Kg7) 44. Ke5 ({Weaker is} 44. bxa6 Ra7 $18) 44... axb5 45. axb5 ({Inferior is} 45. Kxe6 bxa4 46. Ra8 b5 $17) 45... Rf7 46. Kxe6 Rf4 47. Rc7+ Kg8 48. Rb7 Rxh4 49. Kf6 Rb4 50. Kxg6 {[%emt 0:00:10] Weighted Error Value: White=0.19 (very precise) /Black=0.43.  Loses game:     	---       	Black=1      Mistake:       	White=5     	Black=5      Inaccurate:     	White=1     	Black=1      OK:         	White=11    	Black=11     Best:        	White=3     	Black=3      Strong:       	---       	Black=2} 1-0

[Event "NY Presidents Day GM-A 2024"]
[Site "New York"]
[Date "2024.02.18"]
[Round "6.5"]
[White "Griffith, Kyron"]
[Black "Novik, Maxim"]
[Result "1/2-1/2"]
[ECO "B18"]
[WhiteElo "2367"]
[BlackElo "2399"]
[Annotator "TA"]
[PlyCount "36"]
[EventDate "2024.02.14"]
[EventType "tourn"]
[EventCountry "USA"]
[SourceTitle "playchess.com"]
[Source "ChessBase"]
[SourceQuality "1"]
[TimeControl "5400+30"]

1. e4 c6 2. d4 d5 3. Nc3 dxe4 4. Nxe4 Bf5 5. Ng3 Bg6 6. Nh3 Nf6 7. c3 Nbd7 8. Bc4 e6 {[%emt 0:03:11] The position is equal.} 9. Nf4 Nb6 10. Bb3 Nbd5 11. Nxg6 hxg6 12. O-O Bd6 13. Bg5 Bf4 14. Bxd5 Bxg5 15. Bb3 Qc7 {[%emt 0:01:20] Black is slightly better.} 16. Qf3 O-O-O 17. h3 Bf4 18. Rfe1 Bd6 {[%emt 0:24:22] Weighted Error Value: White=0.09 (flawless) /Black=0.04 (flawless) .  Mistake:       	---       	Black=1      Inaccurate:     	White=2     	---        OK:         	White=6     	Black=4      Best:        	---       	Black=3} (18... g5 $15) 1/2-1/2

[Event "NY Presidents Day GM-A 2024"]
[Site "New York"]
[Date "2024.02.19"]
[Round "7.1"]
[White "Novik, Maxim"]
[Black "Lu, Maximillian"]
[Result "1/2-1/2"]
[ECO "B23"]
[WhiteElo "2399"]
[BlackElo "2371"]
[Annotator "TA"]
[PlyCount "152"]
[EventDate "2024.02.14"]
[EventType "tourn"]
[EventCountry "USA"]
[SourceTitle "playchess.com"]
[Source "ChessBase"]
[SourceQuality "1"]
[TimeControl "5400+30"]

1. e4 c5 2. Nc3 d6 3. Nge2 a6 4. g3 Nc6 5. Bg2 g6 6. d4 cxd4 7. Nxd4 Bg7 8. Be3 Ne5 9. O-O Nf6 10. h3 Nc4 11. Bc1 Qb6 12. Nb3 O-O 13. Qe2 Qc7 14. Nd2 Be6 15. Nd5 Nxd5 16. exd5 Nxd2 17. Qxd2 Bd7 18. Re1 Rfe8 19. c3 b5 20. Qd3 Rab8 21. a3 a5 22. Be3 Bf5 23. Qd2 Qc4 24. g4 Bd7 25. Bg5 b4 26. cxb4 axb4 27. Re4 Qb3 28. Rxb4 Rxb4 29. axb4 h6 30. Bxh6 Bxh6 31. Qxh6 Qxb4 32. Ra7 Qe1+ 33. Kh2 $1 Bb5 (33... Qxf2 $2 {loses.} 34. Rxd7 Qxb2 35. Qe3 $18) 34. Qf4 Bd3 35. Ra3 Qe2 36. Qd4 Bb5 37. Kg3 g5 38. Re3 Qc4 39. Qxc4 Bxc4 40. b3 Ba6 41. h4 gxh4+ 42. Kxh4 Kf8 43. b4 $1 Rb8 {[%emt 0:00:19] [#]} 44. Rb3 $1 Bc4 45. Rb2 Rb5 46. f4 Kg7 47. g5 f6 48. Be4 fxg5+ 49. fxg5 e6 50. dxe6 Bxe6 51. Bc6 Rb6 52. b5 Bc4 53. Kg4 d5 54. Rb4 Be2+ 55. Kf4 d4 56. Rb2 ({Much worse is} 56. Rxd4 Bxb5 57. Rd7+ Kf8 $11) 56... d3 57. Ke3 Bf1 $2 (57... Kg6 $16) 58. Rf2 $18 Be2 59. Rf5 Rb8 60. Rc5 Bf1 61. Kd2 Rh8 62. Bf3 $2 (62. b6 $18) 62... Rh2+ $16 {[%emt 0:00:14] [#]} 63. Ke3 (63. Ke1 $1 $16 Be2 64. Be4 d2+ 65. Kxd2 Bxb5+ 66. Ke3 Rh3+ 67. Kf4) 63... Rb2 $11 64. Rc7+ Kg6 65. Kf4 Bg2 $1 66. Rc6+ Kg7 67. Rc7+ Kg6 68. Rc6+ Kg7 69. Bxg2 Rxg2 70. Rc7+ Kg6 71. Rc6+ (71. Rc5 $11) 71... Kg7 $14 72. Kf5 ({Only move:} 72. b6 $14) 72... Rf2+ $11 73. Ke4 Rb2 (73... d2 $5 74. Rd6 $8 Re2+ 75. Kf4 Kf7 $11) 74. b6 d2 75. Rd6 $1 Rxb6 76. Rxd2 Kg6 1/2-1/2

[Event "NY Presidents Day GM-A 2024"]
[Site "New York"]
[Date "2024.02.19"]
[Round "7.2"]
[White "Yu, Jiangwei"]
[Black "Griffith, Kyron"]
[Result "1-0"]
[ECO "E42"]
[WhiteElo "2357"]
[BlackElo "2367"]
[Annotator "TA"]
[PlyCount "125"]
[EventDate "2024.02.14"]
[EventType "tourn"]
[EventCountry "USA"]
[SourceTitle "playchess.com"]
[Source "ChessBase"]
[SourceQuality "1"]
[TimeControl "5400+30"]

1. d4 Nf6 2. c4 e6 3. Nc3 Bb4 4. e3 c5 5. Nge2 d5 6. a3 Ba5 {[%emt 0:00:28] is recently more successful than 6...Bxc3+.} 7. dxc5 dxc4 {[%emt 0:00:43] E42: Nimzo-Indian: Rubinstein: 4...c5 5 Ne2.} 8. Qxd8+ Kxd8 9. Bd2 Nbd7 {[%emt 0:00:15] 9...e5 is not played anymore.} 10. Nc1 Nd5 $146 ({Predecessor:} 10... Nxc5 11. Bxc4 Bb6 12. f3 Bd7 13. b4 Na4 14. Nxa4 Bxa4 15. Nd3 Ke7 16. Nb2 Bd7 {½-½ Flear,G (2425)-Lagunow,A (2360) EU-chT Seniors 50 2022 (4.4)}) 11. N1a2 Nxc5 12. Bxc4 Nb6 13. Be2 Nb3 14. Rb1 (14. Rd1 $11) 14... Bd7 15. Ne4 Nxd2 16. Nxd2 Na4 17. Nb4 (17. b3 $11 Nc3 18. Nxc3 Bxc3 19. Bd3) 17... Rc8 $15 18. Nc4 Bc7 19. b3 Nc3 20. Rc1 Nxe2 21. Kxe2 Ke7 22. Nd3 Rhd8 23. Rc2 Bc6 24. f3 f6 25. e4 g5 26. Rhc1 h5 ({But not} 26... Bxh2 $6 27. Rh1 Bb8 28. Rxh7+ Kf8 29. Nb4 $16) 27. h3 Rg8 28. Nb4 Bd7 29. Ne3 Bd6 30. Rxc8 Rxc8 31. Rxc8 Bxc8 32. g4 h4 33. Nc4 Bc7 34. a4 Bd7 35. Nd3 b5 36. axb5 $1 Bxb5 37. Ncb2 Be5 38. Na4 $2 (38. Nc4 $15) 38... Kd6 $2 (38... Bd4 $19 {...a5 would now be deadly.} 39. Kd2 Kd6) 39. Ke3 (39. Nac5 $1 $15) 39... Bh2 ({Black should try} 39... Bxd3 $1 $17 40. Kxd3 Bh2) 40. Nc3 Bg1+ 41. Kd2 Ba6 42. e5+ $1 fxe5 43. Ne4+ Ke7 44. Nxg5 Bd4 45. Ne4 Bb5 46. Nc3 Bc6 47. Ne4 a5 48. Kd1 Be8 49. Ne1 a4 $2 (49... Bc6 $11) 50. bxa4 $18 Bxa4+ 51. Kd2 Bc6 52. Ng2 Bxe4 $2 (52... Bb5 53. Nxh4 Bf1) 53. fxe4 $18 Bf2 54. Ke2 Bg3 55. g5 $1 Bf4 56. Nxf4 $1 ({Weaker is} 56. Nxh4 Bxg5 57. Nf3 Bf4 $16) 56... exf4 {[%emt 0:00:02] [#]} 57. e5 $1 Kf7 58. Kf3 Kg6 59. Kxf4 Kh5 60. g6 $1 Kh6 {[%emt 0:01:28] [#]} 61. g7 $1 Kxg7 62. Kg5 Kf7 63. Kh6 1-0

[Event "NY Presidents Day GM-A 2024"]
[Site "New York"]
[Date "2024.02.19"]
[Round "7.3"]
[White "Rorrer, Grayson"]
[Black "Paragua, Mark"]
[Result "0-1"]
[ECO "B95"]
[WhiteElo "2396"]
[BlackElo "2448"]
[Annotator "TA"]
[PlyCount "78"]
[EventDate "2024.02.14"]
[EventType "tourn"]
[EventCountry "USA"]
[SourceTitle "playchess.com"]
[Source "ChessBase"]
[SourceQuality "1"]
[TimeControl "5400+30"]

1. e4 c5 2. Nf3 d6 3. d4 cxd4 4. Nxd4 Nf6 5. Nc3 a6 6. Bg5 e6 7. Qf3 Be7 8. O-O-O Qc7 9. g4 Nbd7 10. Qg3 b5 11. Bxf6 gxf6 {[%emt 0:03:17] The position is equal.} 12. Bxb5 $2 axb5 $19 13. Ndxb5 Qc5 14. Nxd6+ Bxd6 ({Black should try} 14... Kf8 $19 15. Nxc8 Qxc8) 15. Rxd6 $15 Qe5 16. Rhd1 Qxg3 17. hxg3 Ke7 18. Rc6 Rg8 19. f3 {[%emt 0:02:26] [#]} (19. b4 $11 {keeps the balance.}) 19... Ra7 $1 $17 {[%emt 0:02:48] ...Ne5 is the strong threat.} 20. Nb5 Rxa2 21. Nd6 {[%emt 0:00:17] [#]} Ba6 ({Better is} 21... Ra8 $1 {...Ne5 would now be deadly.} 22. f4 Ba6) 22. Rd4 Ra1+ (22... Be2 $5 23. b4 Ra1+ (23... Bxf3 24. Rc7 $11) 24. Kb2 Ra7 $17) 23. Kd2 Ra8 24. f4 {[%emt 0:07:22] Prevents Ne5.} Rg1 {[%emt 0:03:04] And now ...Rg2+ would win.} 25. b4 Rb1 (25... Rxg3 26. b5 Rg2+ 27. Ke3 Bxb5 (27... e5 28. fxe5 Bxb5 29. exf6+ Nxf6 30. Nf5+ Kf8 31. Rxf6 $14) 28. Nxb5 $18) (25... Ne5 $15 26. Rc3 (26. fxe5 $2 fxe5 27. Rc7+ Kf8 $19) 26... Rf1 (26... Nxg4 27. b5 $11) 27. Rc7+ (27. fxe5 $2 fxe5 28. Rc7+ Kd8 $17) 27... Kf8 28. fxe5 fxe5) 26. Kc3 $2 (26. g5 $11 {and White stays safe.}) 26... Be2 $19 27. Nc4 {[%emt 0:03:46] Against Ra3+} Bxc4 ({Much less strong is} 27... Bxg4 28. Rc7 e5 29. Rd2) 28. Kxc4 Rb8 29. c3 Nb6+ 30. Kc5 Nd7+ 31. Kc4 Rb7 32. Ra6 (32. Rd3 $142) 32... Rc7+ {[%emt 0:00:30] Black is clearly winning.} 33. Kb5 Rc5+ 34. Ka4 Rxc3 35. Ra5 e5 36. Rd2 Rc4 37. Rb5 Rxe4 38. g5 fxg5 39. fxe5 Nxe5 {[%emt 0:00:30] Weighted Error Value: White=0.50/Black=0.25 (precise) .  Loses game:     	White=2     	---        Mistake:       	White=2     	Black=3      Inaccurate:     	White=4     	Black=2      OK:         	White=6     	Black=11     Best:        	White=2     	Black=1      Strong:       	---       	Black=1} 0-1

[Event "NY Presidents Day GM-A 2024"]
[Site "New York"]
[Date "2024.02.19"]
[Round "7.4"]
[White "Kaliksteyn, Alexander"]
[Black "Eidelman, Gabriel"]
[Result "1/2-1/2"]
[ECO "A20"]
[WhiteElo "2363"]
[BlackElo "2343"]
[Annotator "TA"]
[PlyCount "30"]
[EventDate "2024.02.14"]
[EventType "tourn"]
[EventCountry "USA"]
[SourceTitle "playchess.com"]
[Source "ChessBase"]
[SourceQuality "1"]
[TimeControl "5400+30"]

1. c4 e5 2. g3 c6 3. Nf3 e4 4. Nd4 d5 5. cxd5 Qxd5 6. Nc2 Nf6 7. Bg2 Qh5 8. h3 Qg6 9. Nc3 Bd6 10. Ne3 O-O 11. d3 exd3 12. Qxd3 Qxd3 13. exd3 Na6 14. O-O Rd8 15. d4 Nc7 {[%emt 0:06:42] Weighted Error Value: White=0.09 (flawless) /Black=0.03 (flawless) .  Inaccurate:     	White=1     	---        OK:         	---       	Black=2      Best:        	---       	Black=1} 1/2-1/2

[Event "NY Presidents Day GM-A 2024"]
[Site "New York"]
[Date "2024.02.19"]
[Round "7.5"]
[White "Mandizha, Farai"]
[Black "Lenderman, Aleksandr"]
[Result "1/2-1/2"]
[ECO "E08"]
[WhiteElo "2367"]
[BlackElo "2521"]
[Annotator "TA"]
[PlyCount "48"]
[EventDate "2024.02.14"]
[EventType "tourn"]
[EventCountry "USA"]
[SourceTitle "playchess.com"]
[Source "ChessBase"]
[SourceQuality "1"]
[TimeControl "5400+30"]

1. d4 Nf6 2. c4 e6 3. Nf3 d5 4. g3 Bb4+ 5. Bd2 Be7 6. Bg2 O-O 7. O-O c6 8. Qc2 Nbd7 9. Bf4 a5 10. Rd1 a4 11. a3 Qa5 12. Bg5 {[%emt 0:03:17] White is slightly better.} h6 13. Bxf6 Nxf6 14. Nbd2 Rd8 15. Rac1 Bd7 16. Ne5 Be8 17. e4 Qa7 18. Nef3 dxc4 19. Qxc4 {[%emt 0:03:27] [#]} c5 $1 20. e5 ({Much worse is} 20. dxc5 Rac8 21. Qe2 Rxc5 $17 (21... Bxc5 22. e5 $15)) 20... Nd7 21. Ne4 cxd4 22. Qc7 {[%emt 0:01:15] Inhibits Nb6.} Qb8 23. Nxd4 Bf8 {[%emt 0:00:00] White must now prevent ...Qxc7.} 24. f4 Qxc7 {[%emt 0:00:00] Weighted Error Value: White=0.07 (flawless) /Black=0.04 (flawless) .  Inaccurate:     	White=1     	Black=1      OK:         	White=6     	Black=11     Best:        	White=1     	---} 1/2-1/2

[Event "NY Presidents Day GM-A 2024"]
[Site "New York"]
[Date "2024.02.19"]
[Round "8.1"]
[White "Lu, Maximillian"]
[Black "Lenderman, Aleksandr"]
[Result "0-1"]
[ECO "A01"]
[WhiteElo "2371"]
[BlackElo "2521"]
[Annotator "TA"]
[PlyCount "86"]
[EventDate "2024.02.14"]
[EventType "tourn"]
[EventCountry "USA"]
[SourceTitle "playchess.com"]
[Source "ChessBase"]
[SourceQuality "1"]
[TimeControl "5400+30"]

1. b3 e5 2. Bb2 Nc6 3. e3 Nf6 4. Nf3 e4 5. Nd4 Bc5 6. Nxc6 dxc6 7. Nc3 Qe7 8. d3 {[%emt 0:24:38] The position is equal.} Bf5 9. Be2 O-O-O 10. g4 (10. d4 $11) 10... exd3 $17 11. cxd3 Be6 {[%emt 0:01:48][%cal Oh7h5] Black is much more active. The white rooks are passive.} 12. Rg1 Rhe8 13. Qc2 Nd5 {[%emt 0:00:42][%cal Oc5e3] Threatens to win with ...Bxe3!} 14. O-O-O Nb4 15. Qb1 {[%emt 0:04:10][%mdl 8192] [#]} ({Only move:} 15. Qd2 $15) 15... Bxb3 $1 $19 {[%emt 0:00:56][%mdl 512] ...Bxe3+ would now be deadly.} 16. d4 (16. axb3 Bxe3+) 16... Bc2 ({Less strong is} 16... Bxd1 17. Rxd1 Bb6 18. Qxh7 $19) 17. Qa1 Bxd1 18. Rxd1 Bd6 19. Qb1 g6 ({Don't play} 19... Bxh2 20. Qxh7 Rh8 21. Qf5+ Kb8 22. Bc4) 20. Bc4 Bxh2 21. Rd2 Nd5 22. Qd3 Nb6 23. Bb3 Bd6 24. Kb1 Kb8 25. Qe2 Bb4 26. Rd1 Nd5 27. Na4 f5 {[%emt 0:03:12] Black is clearly winning.} 28. gxf5 gxf5 29. Bc2 f4 30. e4 Ba3 31. Qf3 Bxb2 32. Kxb2 Qb4+ 33. Ka1 Nb6 34. a3 Qc4 35. Bb3 Qa6 36. Nxb6 Qxa3+ 37. Kb1 axb6 38. e5 Qb4 39. Kc2 Rxd4 40. e6 Qc5+ 41. Kb2 Rxd1 42. Qxd1 Qxf2+ 43. Kb1 Qc5 {[%emt 0:00:04] Black took control after the opening.   Weighted Error Value: White=0.55/Black=0.21 (precise) .  Loses game:     	White=1     	---        Mistake:       	White=1     	---        Inaccurate:     	White=3     	---        OK:         	White=7     	Black=15     Best:        	White=1     	---        Brilliant:      	---       	Black=1} 0-1

[Event "NY Presidents Day GM-A 2024"]
[Site "New York"]
[Date "2024.02.19"]
[Round "8.2"]
[White "Eidelman, Gabriel"]
[Black "Mandizha, Farai"]
[Result "1-0"]
[ECO "A43"]
[WhiteElo "2343"]
[BlackElo "2367"]
[Annotator "TA"]
[PlyCount "63"]
[EventDate "2024.02.14"]
[EventType "tourn"]
[EventCountry "USA"]
[SourceTitle "playchess.com"]
[Source "ChessBase"]
[SourceQuality "1"]
[TimeControl "5400+30"]

1. d4 Nf6 2. Nf3 g6 3. Nc3 c5 4. d5 d6 5. h3 Bg7 6. e4 O-O 7. Nd2 Na6 8. Bc4 Nc7 9. O-O {[%emt 0:02:29] The position is equal.} Nh5 ({Better is} 9... e6 $11) 10. a4 Nf4 11. Nf3 f5 {[%emt 0:03:03] [#]} 12. e5 $1 $18 ({But not} 12. Bxf4 $6 fxe4 13. Bxd6 exd6 14. Nxe4 Bxb2 $14) 12... Nh5 13. Bg5 $36 {[%emt 0:05:36][%mdl 2048] aiming for exd6. Keeping Black busy.} h6 $2 (13... Kh8 {is more resistant.}) 14. exd6 {[%emt 0:01:16] White is clearly winning.} hxg5 15. dxe7 Qd6 16. exf8=Q+ Kxf8 17. Nxg5 Bd4 18. Qf3 Bd7 19. Nb5 Nxb5 20. Bxb5 Bxb2 21. Rae1 Rd8 22. Bxd7 Rxd7 23. c4 Kg7 24. Re8 Re7 25. Rxe7+ Qxe7 26. Ne6+ Kf7 27. Qe3 b6 28. Re1 Bf6 {[%emt 0:00:37] Inhibits Ng5+.} 29. Qh6 Ng7 30. Qh8 Qd6 31. Nxg7 Qd7 {[%emt 0:00:34] Prevents Re8.} 32. Qe8+ {[%emt 0:00:22] Black did not feel at home in the position after the opening.   Weighted Error Value: White=0.17 (very precise) /Black=0.54.  Mistake:       	---       	Black=3      Inaccurate:     	---       	Black=1      OK:         	White=5     	Black=6      Best:        	White=1     	---} 1-0

[Event "NY Presidents Day GM-A 2024"]
[Site "New York"]
[Date "2024.02.19"]
[Round "8.3"]
[White "Paragua, Mark"]
[Black "Kaliksteyn, Alexander"]
[Result "1/2-1/2"]
[ECO "A08"]
[WhiteElo "2448"]
[BlackElo "2363"]
[Annotator "TA"]
[PlyCount "31"]
[EventDate "2024.02.14"]
[EventType "tourn"]
[EventCountry "USA"]
[SourceTitle "playchess.com"]
[Source "ChessBase"]
[SourceQuality "1"]
[TimeControl "5400+30"]

1. Nf3 d5 2. g3 c5 3. Bg2 Nc6 4. O-O e5 5. d3 Be7 6. e4 d4 7. Na3 h5 8. Nc4 Qc7 9. h4 Nf6 10. a4 Bg4 11. c3 Nd7 12. a5 f6 13. Qa4 {[%emt 0:00:27] The position is equal.} O-O 14. Bd2 Be6 15. Rfc1 Rac8 16. cxd4 {[%emt 0:00:09] Weighted Error Value: White=0.09 (flawless) /Black=0.09 (flawless) .  Inaccurate:     	White=1     	Black=1      OK:         	White=5     	Black=2} 1/2-1/2

[Event "NY Presidents Day GM-A 2024"]
[Site "New York"]
[Date "2024.02.19"]
[Round "8.4"]
[White "Griffith, Kyron"]
[Black "Rorrer, Grayson"]
[Result "1/2-1/2"]
[ECO "B53"]
[WhiteElo "2367"]
[BlackElo "2396"]
[Annotator "RC"]
[PlyCount "42"]
[EventDate "2024.02.14"]
[EventType "tourn"]
[EventCountry "USA"]
[SourceTitle "playchess.com"]
[Source "ChessBase"]
[SourceQuality "1"]
[TimeControl "5400+30"]

1. e4 c5 2. Nf3 d6 3. d4 cxd4 4. Qxd4 Nc6 5. Qd3 g6 6. Nc3 Bg7 7. Nd5 Nf6 8. c3 O-O 9. Bg5 h6 10. Bxf6 exf6 11. Be2 f5 12. exf5 Bxf5 13. Qd2 Re8 14. O-O Be4 15. Rfe1 Qa5 16. Rad1 Rad8 17. a3 Qa4 18. Nc7 Re7 19. Nd5 Ree8 20. Nc7 Re7 21. Nd5 Ree8 1/2-1/2

[Event "NY Presidents Day GM-A 2024"]
[Site "New York"]
[Date "2024.02.19"]
[Round "8.5"]
[White "Novik, Maxim"]
[Black "Yu, Jiangwei"]
[Result "1-0"]
[ECO "A11"]
[WhiteElo "2399"]
[BlackElo "2357"]
[Annotator "TA"]
[PlyCount "69"]
[EventDate "2024.02.14"]
[EventType "tourn"]
[EventCountry "USA"]
[SourceTitle "playchess.com"]
[Source "ChessBase"]
[SourceQuality "1"]
[TimeControl "5400+30"]

1. Nf3 d5 2. g3 Bg4 3. Bg2 e6 4. c4 c6 5. cxd5 Bxf3 6. Bxf3 cxd5 7. d4 Nc6 8. O-O Nf6 9. Nc3 Be7 10. e3 O-O 11. Qe2 Rc8 {[%emt 0:10:49] The position is equal.} 12. Rd1 Qb6 13. Bd2 a6 14. Rac1 Qxb2 15. Rb1 Qa3 16. Rb3 Qd6 17. Rxb7 Na5 18. Nb5 axb5 (18... Qd8 $11 {is more appropriate.} 19. Bxa5 Qxa5) 19. Bxa5 $14 Qa3 20. Be1 Rb8 21. Qxb5 Bd6 22. Rxb8 Rxb8 23. Qe2 Rb2 24. Rd2 Rb1 25. Kg2 $1 g5 26. Rc2 Bb4 27. Bxb4 Qxb4 28. h3 (28. Qd2 $1 $14) 28... Re1 $132 {[%emt 0:01:25][%mdl 2048] Black is not keeping still} 29. Qd2 Qb1 30. Rb2 Qa1 {[%emt 0:00:09] Threatens to win with ...Rh1.} 31. e4 {[%emt 0:00:00][%cal Be3e4,Be4e5][%mdl 32] White wants to mate with Rb8+.} Rg1+ (31... h6 $1 $11 32. e5 Rh1 33. Rb8+ (33. exf6 $2 Qg1#) 33... Kh7 34. Qd3+ (34. exf6 $2 Qg1#) 34... Ne4 35. Bxe4+ dxe4 36. Qxe4+ Kg7) 32. Kh2 $16 {[%emt 0:00:00] White threatens Rb8+ and mate.} h6 {[%emt 0:00:54] [#]} (32... Qc1 $16 {might work better.}) 33. Rb8+ (33. e5 $1 $18 {[%cal Re5f6] and the rest is easy.} Nh7 34. a4) 33... Kg7 {[%emt 0:00:06] [#] And now ...Qf1 would win.} 34. e5 $1 {[%emt 0:00:00] Really sharp!} Ne4 (34... Nd7 $16 35. Rb7 Nf8) 35. Qb4 {[%emt 0:00:00] Weighted Error Value: White=0.15 (very precise) /Black=0.46.  Loses game:     	---       	Black=1      Mistake:       	White=2     	Black=3      Inaccurate:     	---       	Black=2      OK:         	White=8     	Black=13     Best:        	White=3     	---        Strong:       	White=2     	---} 1-0